[Event "Team 45 45 League T30"]
[Site "Internet Chess Club"]
[Date "2006.04.09"]
[Round "3"]
[White "rjml"]
[Black "Div-anand"]
[Result "1-0"]
[WhiteElo "2009"]
[BlackElo "1900"]
[TimeControl "2700+45"]

1. e4 e5 2. Nf3 Nc6 3. Bb5 a6 4. Ba4 Nf6 5. Bxc6 dxc6 6. d3 Bg4 7. h3 Bxf3 8.
Qxf3 Bc5 9. Nd2 b5 10. Qg3 Qd6 11. Nf3 Nd7 12. Qxg7 O-O-O 13. Qxf7 Rdf8 14. Qh5
Rhg8 15. O-O Qf6 16. Kh1 Qg7 17. g3 Kb7 18. Bh6 Qf7 19. Qxf7 Rxf7 20. Kg2 Rg6
21. Be3 Be7 22. d4 exd4 23. Nxd4 Bf8 24. f4 Bg7 25. e5 Nc5 26. f5 Rxg3+ 27. Kxg3
Bxe5+ 28. Kg4 Ne4 29. Ne6 Bxb2 {Black resigns} 1-0  aics%

[Event "Team 45 45 League T30"]
[Site "Internet Chess Club"]
[Date "2006.04.08"]
[Round "3"]
[White "gravitydk"]
[Black "chiiwen"]
[Result "1/2-1/2"]
[WhiteElo "1762"]
[BlackElo "1820"]
[TimeControl "2700+45"]

1. e4 c5 2. Nf3 Nc6 3. Bb5 d6 4. Bxc6+ bxc6 5. O-O g6 6. Re1 Bg7 7. d3 e6 8. Na3
Ne7 9. c3 O-O 10. Bf4 d5 11. exd5 cxd5 12. d4 cxd4 13. Nxd4 Qb6 14. Qd2 Nc6 15.
Nxc6 Qxc6 16. Rac1 Ba6 17. Nc2 Rfe8 18. Nb4 Qb7 19. Bh6 Bb5 20. Bxg7 Kxg7 21.
Qd4+ f6 22. Re3 a5 23. Nc2 e5 24. Qh4 Bd7 25. b4 axb4 26. Qxb4 Bc6 27. Qxb7+
Bxb7 28. Rb1 Ba6 29. a3 Rab8 30. Ree1 Bd3 31. Rbc1 Bxc2 32. Rxc2 Rb3 33. Rd2 Rd8
34. c4 d4 35. f4 Rxa3 36. fxe5 fxe5 37. Rxe5 Rc3 38. c5 Kf6 39. Re4 d3 40. Re3
Rc1+ 41. Kf2 Rc2 42. Ke1 {Game drawn by mutual agreement} 1/2-1/2  aics%

[Event "Team 45 45 League T30"]
[Site "Internet Chess Club"]
[Date "2006.04.09"]
[Round "3"]
[White "MaunaKeaMike"]
[Black "HoHo"]
[Result "1-0"]
[WhiteElo "1859"]
[BlackElo "1680"]
[TimeControl "2700+45"]

1. Nf3 d5 2. g3 Nf6 3. Bg2 Bf5 4. O-O e6 5. d3 h6 6. Nbd2 Bd6 7. Re1 O-O 8. e4
dxe4 9. dxe4 Bg4 10. e5 Bb4 11. c3 Bxc3 12. bxc3 Nd5 13. Qb3 Nb6 14. Ba3 Re8 15.
Rad1 Qc8 16. Ne4 Nc6 17. Nc5 Rd8 18. Rxd8+ Nxd8 19. Nd4 Rb8 20. h3 Bh5 21. g4
Bg6 22. Rd1 Kh8 23. Bc1 Kg8 24. Be3 a6 25. a4 Nd7 26. Nxd7 Qxd7 27. Bc1 Qe7 28.
Ba3 Qe8 29. Nf3 Nc6 30. Re1 Na5 31. Qb4 Nc6 32. Qf4 b5 33. axb5 Rxb5 34. Nd4
Nxd4 35. Qxd4 Qb8 36. Be4 Bxe4 37. Qxe4 a5 38. Rd1 Rb3 39. Be7 g6 40. Rd8+ Qxd8
41. Bxd8 Rxc3 42. Bf6 Rb3 43. Qa8+ Kh7 44. Qh8# {Black checkmated} 1-0  aics%

[Event "Team 45 45 League T30"]
[Site "Internet Chess Club"]
[Date "2006.04.09"]
[Round "3"]
[White "JBlaze"]
[Black "EdBorowski"]
[Result "1/2-1/2"]
[WhiteElo "1790"]
[BlackElo "2001"]
[TimeControl "2700+45"]

1. e4 c5 2. Nf3 Nc6 3. d4 cxd4 4. Nxd4 g6 5. Nc3 Bg7 6. Be3 Nf6 7. f3 O-O 8. Bc4
Qb6 9. Qd2 Nxe4 10. fxe4 Bxd4 11. Bxd4 Qxd4 12. Qxd4 Nxd4 13. O-O-O Nc6 14. Nd5
Rb8 15. Bb5 Re8 16. Nc7 Rd8 17. Nd5 Kf8 18. Rd3 d6 19. h3 Bd7 20. Ra3 a6 21. Be2
Ne5 22. h4 h5 23. Rf1 Bc6 24. Nc7 Rdc8 25. Nd5 Bxd5 26. exd5 Rc5 27. Rb3 Rxd5
28. Bxa6 Ra5 29. Rxb7 Rxb7 30. Bxb7 Rxa2 31. Rf4 e6 32. Kb1 Ra7 33. Bf3 Nxf3 34.
gxf3 Ke7 35. c4 Ra4 36. b3 Rb4 37. Kc2 d5 38. Kc3 Rb7 39. Rd4 Kd6 40. b4 Ra7 41.
c5+ Kc6 42. Kb3 Kb5 43. Kb2 Ra4 44. f4 Ra8 45. Kb3 Ra1 46. Kb2 Rh1 47. Rd2 Rxh4
48. Rc2 Rxf4 49. c6 Rxb4+ 50. Kc1 Ra4 51. c7 Ra8 52. c8=Q Rxc8 53. Rxc8 h4 54.
Rf8 f5 55. Rg8 e5 56. Rxg6 h3 57. Rh6 Kc4 58. Rxh3 Kd4 59. Kd2 e4 60. Rh5 {Game
drawn by mutual agreement} 1/2-1/2  aics%

[Event "Team 45 45 League T30"]
[Site "Internet Chess Club"]
[Date "2006.04.08"]
[Round "3"]
[White "garethn"]
[Black "Miles72"]
[Result "1/2-1/2"]
[WhiteElo "1750"]
[BlackElo "1741"]
[TimeControl "2700+45"]

1. e4 c5 2. Nf3 d6 3. d4 cxd4 4. Nxd4 Nf6 5. Nc3 a6 6. Bg5 e6 7. f4 Be7 8. Qf3
e5 9. Nb3 b5 10. Bxf6 Bxf6 11. f5 Bb7 12. O-O-O O-O 13. g4 b4 14. Nd5 Bxd5 15.
Rxd5 Bg5+ 16. Kb1 a5 17. Qd3 Nc6 18. Rxd6 Qxd6 19. Qxd6 Rfd8 20. Qxd8+ Rxd8 21.
Bd3 a4 22. Nc1 Nd4 23. Rd1 Nf3 24. Be2 Rxd1 25. Bxd1 Nd2+ 26. Ka1 Nxe4 27. Nd3
Kf8 28. Nxe5 h5 29. Nd3 hxg4 30. Bxg4 Bd2 31. Ne5 Ke7 32. Nc4 Bf4 33. h3 Nf2 34.
a3 Nxg4 35. hxg4 bxa3 36. bxa3 Kf6 37. Nb6 Kg5 38. c4 Kxg4 39. c5 Kxf5 40. Kb2
Ke6 41. Kc2 Be3 42. Nxa4 Kd5 43. Nc3+ Kxc5 44. Kd3 Bc1 45. Ne4+ Kd5 46. a4 Bf4
47. a5 Bb8 48. Ke3 Ke5 49. Ng5 f6 50. Nf3+ Kd5 51. Nh4 g5 52. Nf5 Ke6 53. Nd4+
Kd5 54. Nf5 Bf4+ 55. Kf3 Kc5 56. Ke4 Kb5 57. Nd4+ Kxa5 58. Kf5 Kb4 59. Kxf6 Kc4
60. Ne6 g4 61. Nxf4 g3 62. Kf5 {Game drawn by mutual agreement} 1/2-1/2  aics%

[Event "Team 45 45 League T30"]
[Site "Internet Chess Club"]
[Date "2006.04.09"]
[Round "3"]
[White "TheBrewer"]
[Black "fgameiro"]
[Result "0-1"]
[WhiteElo "1607"]
[BlackElo "1552"]
[TimeControl "2700+45"]

1. d4 d5 2. Nf3 Nf6 3. e3 e6 4. Bd3 c5 5. c3 Nc6 6. Nbd2 Bd6 7. O-O O-O 8. e4
cxd4 9. cxd4 dxe4 10. Nxe4 Nxe4 11. Bxe4 f5 12. Bxc6 bxc6 13. Bd2 Rb8 14. Bc3
Ba6 15. Re1 Bc4 16. Ne5 Bd5 17. Qd2 Rf6 18. f4 Bxe5 19. dxe5 Rg6 20. Re2 Qh4 21.
Qe3 Rh6 22. Qg3 Qe7 23. Qf2 Rg6 24. Qe3 Rg4 25. a3 h5 26. Rf2 Kf7 27. Bb4 Qc7
28. Qc5 Qb6 29. Qxb6 axb6 30. Bc3 Ra8 31. Rc1 Ra4 32. Bd2 Ra8 33. Rc3 Rg6 34.
Rh3 Rh6 35. Bc3 g6 36. Bd2 Ra4 37. Bc3 Rh8 38. Rd3 c5 39. Rh3 Rha8 40. Re3 b5
41. h4 Rc4 42. g3 b4 43. axb4 cxb4 44. Be1 Rc1 45. Kh2 Raa1 46. Rf1 Rc2+ 47. Kg1
Rg2+ 48. Kh1 Re2+ {White resigns} 0-1  aics%

[Event "Team 45 45 League T30"]
[Site "Internet Chess Club"]
[Date "2006.04.08"]
[Round "3"]
[White "Quoyle"]
[Black "chesskilleruk"]
[Result "1-0"]
[WhiteElo "2446"]
[BlackElo "2348"]
[TimeControl "2700+45"]

1. Nf3 d5 2. d4 Nf6 3. c4 e6 4. Nc3 c6 5. Bg5 Nbd7 6. e3 Bd6 7. Bd3 dxc4 8. Bxc4
b5 9. Bd3 a6 10. O-O c5 11. Ne4 Be7 12. Nxc5 Bxc5 13. Be4 Rb8 14. dxc5 Nxc5 15.
Qxd8+ Kxd8 16. Rfd1+ Bd7 17. Ne5 Nxe4 18. Nxd7 Ke7 19. Nxb8 Rxb8 20. Bf4 Rb6 21.
f3 Nc5 22. Rac1 Ncd7 23. e4 e5 24. Be3 Rb7 25. Rc6 a5 26. Ra6 a4 27. Ra7 Rxa7
28. Bxa7 Ne8 29. Be3 Nd6 30. b3 axb3 31. axb3 Ke6 32. Ra1 g6 33. Ra6 Nb8 34. Rb6
Nd7 35. Rc6 Nb8 36. Rc7 f5 37. Rxh7 fxe4 38. fxe4 Nd7 39. Rg7 Nxe4 40. Rxg6+ Kf5
41. Rc6 Ndf6 42. h3 Ng3 43. Kf2 Nh1+ 44. Ke2 Nd5 45. Rc1 Ke4 46. Rxh1 Nxe3
{Black resigns} 1-0  aics%

[Event "Team 45 45 League T30"]
[Site "Internet Chess Club"]
[Date "2006.04.08"]
[Round "3"]
[White "iwulu"]
[Black "phoenix10q72"]
[Result "1/2-1/2"]
[WhiteElo "2250"]
[BlackElo "2309"]
[TimeControl "2700+45"]

1. d4 Nf6 2. Nf3 e6 3. Bg5 h6 4. Bxf6 Qxf6 5. e4 d6 6. Nc3 a6 7. a4 Nd7 8. Bd3
g6 9. Ne2 Bg7 10. c3 O-O 11. O-O e5 12. Ng3 Qe7 13. Re1 h5 14. h3 Re8 15. Qd2
Nf8 16. d5 Nh7 17. a5 Bf6 18. b4 Ng5 19. Nxg5 Bxg5 20. Qc2 h4 21. Nf1 Bf4 22.
Ne3 Qg5 23. Kh1 Rf8 24. c4 f5 25. c5 Rf7 26. Nc4 Qd8 27. Ra3 fxe4 28. Bxe4 Bf5
29. cxd6 cxd6 30. Nb6 Rb8 31. Rc3 Qg5 32. Bxf5 gxf5 33. Rc8+ Rxc8 34. Qxc8+ Kh7
35. Rg1 e4 36. Qe6 Re7 37. Qc8 e3 38. fxe3 Bxe3 39. Rf1 f4 40. Nd7 Rg7 41. Nf8+
Kh6 42. Qe6+ Kh5 43. Qe8+ Kh6 44. Qe6+ Kh5 45. Qe8+ Kh6 46. Qe6+ Kh5 {Game drawn
by repetition} 1/2-1/2  aics%

[Event "Team 45 45 League T30"]
[Site "Internet Chess Club"]
[Date "2006.04.09"]
[Round "3"]
[White "John3v16"]
[Black "SkinnyPuppy"]
[Result "0-1"]
[WhiteElo "1900"]
[BlackElo "2125"]
[TimeControl "2700+45"]

1. d4 Nf6 2. c4 e6 3. Nf3 c5 4. Nc3 cxd4 5. Nxd4 a6 6. g3 Nc6 7. Bg2 Qc7 8. Nxc6
dxc6 9. O-O Be7 10. a3 O-O 11. b4 e5 12. Qc2 Be6 13. Ne4 Nxe4 14. Bxe4 f5 15.
Bg2 Rad8 16. Bb2 Bg5 17. Rfd1 Bf6 18. e4 f4 19. f3 fxg3 20. hxg3 Bg5 21. Qc3 Qf7
22. c5 Bb3 23. Rd3 Bc4 24. Rdd1 Be2 25. Rxd8 Rxd8 26. f4 exf4 27. Bf1 Rd3 28.
Qxg7+ Qxg7 29. Bxg7 Rxg3+ 30. Kh2 Bxf1 31. Rxf1 Kxg7 32. Rd1 Rxa3 33. Rd7+ Kg6
34. Rxb7 f3 35. Rb6 Bf4+ 36. Kg1 Bg3 37. Rxc6+ Kg5 {White resigns} 0-1  aics%

[Event "Team 45 45 League T30"]
[Site "Internet Chess Club"]
[Date "2006.04.10"]
[Round "3"]
[White "Rossinantes"]
[Black "WFN2"]
[Result "1-0"]
[WhiteElo "2351"]
[BlackElo "2295"]
[TimeControl "2700+45"]

1. d4 e6 2. c4 b6 3. Nc3 Bb7 4. e3 Bb4 5. f3 f5 6. Bd3 Nf6 7. Ne2 O-O 8. O-O Qe7
9. e4 fxe4 10. fxe4 e5 11. Bg5 Bxc3 12. Nxc3 exd4 13. Nd5 Bxd5 14. exd5 d6 15.
Qc2 h6 16. Rae1 Qxe1 17. Rxe1 hxg5 18. Re7 Rf7 19. Rxf7 Kxf7 20. Bg6+ Kf8 21.
Qa4 Ke7 22. Bf5 a5 23. a3 Nbd7 24. Qd1 Ne5 25. Qxd4 Rf8 26. Qe3 Nxd5 27. Qxg5+
Nf6 28. Qxg7+ Rf7 29. Qg5 Nxc4 30. h4 d5 31. h5 Nd6 32. Bg6 Rf8 33. h6 Nf7 34.
Qf4 Nd7 35. Bxf7 Rxf7 36. Qh4+ Nf6 37. g4 {Black resigns} 1-0  aics% 
VentasD(36): **** GO BUSY BEAVERS ! ! ! ! ! ! ! ! **** Rossinantes RULES! :)
aics%

[Event "Team 45 45 League T30"]
[Site "Internet Chess Club"]
[Date "2006.04.09"]
[Round "3"]
[White "virginiaknight"]
[Black "diehappy"]
[Result "1-0"]
[WhiteElo "2196"]
[BlackElo "2234"]
[TimeControl "2700+45"]

1. e4 e5 2. Nf3 d6 3. d4 exd4 4. Nxd4 Nf6 5. Nc3 Be7 6. Bf4 O-O 7. Qd2 c6 8.
O-O-O b5 9. f3 b4 10. Nce2 c5 11. Nf5 Bxf5 12. exf5 d5 13. g4 d4 14. g5 Nd5 15.
f6 gxf6 16. gxf6 Bxf6 17. Bh6 Re8 18. Ng3 Nc3 19. Nh5 Nxa2+ 20. Kb1 Nc3+ 21.
bxc3 bxc3 22. Qg2+ {Black resigns} 1-0  aics%

[Event "Team 45 45 League T30"]
[Site "Internet Chess Club"]
[Date "2006.04.10"]
[Round "3"]
[White "VentasD"]
[Black "Zillmer"]
[Result "1-0"]
[WhiteElo "2083"]
[BlackElo "1871"]
[TimeControl "2700+45"]

1. d4 Nf6 2. c4 e6 3. Nf3 b6 4. g3 Bb7 5. Bg2 Be7 6. Nc3 Ne4 7. Qc2 f5 8. Nd2 d5
9. Ndxe4 dxe4 10. e3 O-O 11. a3 c5 12. dxc5 Bxc5 13. b3 Nd7 14. Bb2 Be7 15. Rd1
a6 16. Ne2 Qe8 17. Nf4 Bf6 18. Rd6 Nc5 19. Bxf6 Rxf6 20. O-O e5 21. Rxf6 gxf6
22. Ne2 Rd8 23. Rd1 Nd3 24. Nc1 Qh5 25. Nxd3 exd3 26. Rxd3 Rxd3 27. Qxd3 Bxg2
28. Kxg2 e4 29. Qd2 Qf3+ 30. Kg1 h5 31. h4 {Black resigns} 1-0  aics%

[Event "Team 45 45 League T30"]
[Site "Internet Chess Club"]
[Date "2006.04.15"]
[Round "3"]
[White "SluMan"]
[Black "Ser-Enigma"]
[Result "1/2-1/2"]
[WhiteElo "2050"]
[BlackElo "2031"]
[TimeControl "2700+45"]

1. d4 d5 2. c4 dxc4 3. Nf3 Nf6 4. e3 e6 5. Bxc4 c5 6. O-O a6 7. a4 Nc6 8. Nc3
Be7 9. Qe2 cxd4 10. Rd1 e5 11. exd4 exd4 12. Be3 Bg4 13. Bg5 O-O 14. h3 Bxf3 15.
Qxf3 Qc7 16. Bf4 Ne5 17. Bxe5 Qxe5 18. Ne2 Rac8 19. Rac1 b5 20. axb5 axb5 21.
Bd3 g6 22. Qb7 Rxc1 23. Rxc1 Rb8 24. Qa7 Bd6 25. g3 Ne4 26. Qxd4 Nd2 27. Kg2 Nb3
28. Qxe5 Bxe5 29. Rc2 Na1 30. Rc5 Bxb2 31. Bxb5 Nb3 32. Rd5 Nd4 33. Nxd4 Bxd4
34. Bc4 Bb2 35. Rd7 Rf8 36. f4 h5 37. Kf3 Kg7 38. Bb3 Bc3 39. g4 hxg4+ 40. Kxg4
Bb2 41. f5 gxf5+ 42. Kxf5 Ba3 43. h4 Bc5 44. Rc7 Bf2 45. Rc2 Bd4 46. Rc7 Bf2 47.
h5 Bd4 48. Bd5 Ba1 49. Kg5 Bf6+ 50. Kf5 Ba1 51. Rc6 Rh8 52. Kg5 Bf6+ 53. Kg4 Be5
54. Rb6 Rh6 55. Rb7 Rf6 56. Kg5 Bf4+ 57. Kg4 Bh6 58. Rb4 Rf1 59. Rb7 Rf4+ 60.
Kg3 Rf5 61. Bf3 Rf4 62. Rb6 Rf6 63. Rb5 Bf4+ 64. Kg4 Bh6 65. Rb4 Bd2 66. Rc4 Kh6
67. Be2 Be3 68. Ra4 Bd2 69. Ra8 Rf2 70. Ra6+ Kg7 71. Bf3 Bh6 72. Ra7 Be3 73. Rb7
Rf1 74. Re7 Rg1+ 75. Kf5 Rg5+ 76. Ke4 Kf6 77. Re8 Bc1 78. Bd1 Rg3 79. Rc8 Bh6
80. Bf3 Rh3 81. Rc6+ Kg7 82. Bg4 Re3+ 83. Kd4 Rg3 84. Be2 Rg2 85. Bf3 Rf2 86.
Ke4 Rh2 87. Rc7 Rh4+ 88. Kd5 Rh3 89. Be2 Re3 90. Bg4 Rg3 91. Bf5 Rg5 92. Ke4
Rxh5 93. Be6 Rh4+ 94. Kd5 {Game drawn by mutual agreement} 1/2-1/2  aics%

[Event "Team 45 45 League T30"]
[Site "Internet Chess Club"]
[Date "2006.04.11"]
[Round "3"]
[White "MoneyGame"]
[Black "Milo"]
[Result "0-1"]
[WhiteElo "2287"]
[BlackElo "2391"]
[TimeControl "2700+45"]

1. d4 Nf6 2. c4 c5 3. d5 b5 4. Nf3 g6 5. cxb5 a6 6. b6 Qxb6 7. Nc3 Bg7 8. e4 d6
9. Nd2 O-O 10. Be2 Nbd7 11. Nc4 Qc7 12. Bf4 Rb8 13. O-O Nb6 14. Ne3 Ne8 15. a4
e5 16. dxe6 fxe6 17. Bg3 Bd4 18. Nc2 e5 19. a5 Nd7 20. Nd5 Qd8 21. Nxd4 cxd4 22.
b4 Nef6 23. Bh4 Bb7 24. Bc4 Bxd5 25. Bxd5+ Kg7 26. Qe1 Qe8 27. Bc4 Qc8 28. Bd3
Qb7 29. Rb1 d5 30. exd5 Nxd5 31. Bg3 Nf4 32. Bxf4 Rxf4 33. Qe2 e4 34. Bxa6 Qd5
35. Bc4 Qd6 36. a6 Ne5 37. b5 Rh4 38. g3 Nf3+ 39. Qxf3 exf3 40. gxh4 Rc8 41.
Rfc1 Qf4 42. a7 Qg4+ 43. Kf1 Re8 44. Be6 Rxe6 45. Rc7+ Kh6 46. Rxh7+ Kxh7 {White
resigns} 0-1  aics%

[Event "Team 45 45 League T30"]
[Site "Internet Chess Club"]
[Date "2006.04.11"]
[Round "3"]
[White "jpitt"]
[Black "KingDestroyer"]
[Result "1-0"]
[WhiteElo "2386"]
[BlackElo "2181"]
[TimeControl "2700+45"]

1. d4 Nf6 2. c4 e6 3. Nc3 Bb4 4. a3 Bxc3+ 5. bxc3 c5 6. e3 O-O 7. Bd3 d5 8. cxd5
exd5 9. Ne2 Qc7 10. f3 Re8 11. O-O Bd7 12. Ng3 Bc6 13. Ra2 Nbd7 14. Re2 Qa5 15.
e4 Nb6 16. e5 Nfd7 17. Nf5 Nf8 18. f4 Na4 19. Rc2 c4 20. Qg4 Ng6 21. Be2 Nxc3
22. Nd6 Nxe2+ 23. Rxe2 Red8 24. f5 Nf8 25. Bh6 g6 26. fxg6 fxg6 27. Rxf8+ Rxf8
28. Qe6+ Kh8 29. Qe7 {Black resigns} 1-0  aics%

[Event "Team 45 45 League T30"]
[Site "Internet Chess Club"]
[Date "2006.04.07"]
[Round "3"]
[White "DTK"]
[Black "WizzyD"]
[Result "1/2-1/2"]
[WhiteElo "2122"]
[BlackElo "1945"]
[TimeControl "2700+45"]

1. e4 e5 2. Nf3 Nc6 3. Bb5 a6 4. Ba4 Nf6 5. O-O b5 6. Bb3 Bb7 7. Re1 Bc5 8. c3
d6 9. d4 Bb6 10. Bg5 h6 11. Bh4 g5 12. Bg3 O-O 13. Qd3 Nh5 14. Bd5 Nxg3 15. hxg3
Qf6 16. Nbd2 exd4 17. Bxc6 Bxc6 18. Nxd4 Bb7 19. a4 bxa4 20. Nc4 Bc5 21. Rxa4
Bc6 22. Raa1 Bb5 23. b4 Ba7 24. Ra2 Bxd4 25. cxd4 Rfe8 26. Rae2 Qg6 27. Qc3 Re7
28. Re3 Rae8 29. e5 Bxc4 30. Qxc4 dxe5 31. Rxe5 Rxe5 32. dxe5 Qb6 33. Re3 Re6
34. Kh2 Qc6 35. Qd4 Qb6 36. Qd8+ Kg7 37. Qd2 {Game drawn by mutual agreement}
1/2-1/2  aics%

[Event "Team 45 45 League T30"]
[Site "Internet Chess Club"]
[Date "2006.04.10"]
[Round "3"]
[White "equi"]
[Black "syy89"]
[Result "0-1"]
[WhiteElo "1803"]
[BlackElo "2098"]
[TimeControl "2700+45"]

1. d4 Nf6 2. c4 g6 3. Nc3 Bg7 4. e4 d6 5. Be2 O-O 6. Bg5 Na6 7. Qd2 e5 8. d5 c6
9. h4 cxd5 10. cxd5 h5 11. f3 Bd7 12. Nh3 Qa5 13. Nf2 Nc5 14. Rb1 Qc7 15. g4
Rac8 16. Bxf6 Bxf6 17. gxh5 Kg7 18. hxg6 fxg6 19. Ng4 Bxg4 20. fxg4 Rh8 21. g5
Be7 22. Kf2 Rcf8+ 23. Kg2 Rf4 24. h5 Bxg5 25. Rbd1 Qf7 26. Qe1 gxh5 27. Rh3 Qg6
28. Qg3 h4 29. Qe1 Nxe4 30. Bd3 Rg4+ 31. Kh1 Ng3+ 32. Rxg3 hxg3+ 33. Kg1 Qh6 34.
Kg2 Qh2+ 35. Kf3 Rf8+ 36. Kxg4 Qh4# {White checkmated} 0-1  aics%

[Event "Team 45 45 League T30"]
[Site "Internet Chess Club"]
[Date "2006.04.09"]
[Round "3"]
[White "Gregorio"]
[Black "Ozgur-Bjk"]
[Result "0-1"]
[WhiteElo "2109"]
[BlackElo "2152"]
[TimeControl "2700+45"]

1. e4 c5 2. Nf3 d6 3. d4 cxd4 4. Nxd4 Nf6 5. Nc3 a6 6. f3 e6 7. Be3 Nbd7 8. Qd2
b5 9. g4 h6 10. O-O-O Bb7 11. g5 hxg5 12. Bxg5 Be7 13. h4 b4 14. Nce2 Qa5 15.
Nb3 Qa4 16. Rg1 Rc8 17. Kb1 d5 18. exd5 Bxd5 19. f4 Ne4 20. Qd4 f6 21. Bg2 Nd6
22. Bxd5 exd5 23. Qxd5 Qc6 24. Qd3 fxg5 25. Ned4 Qc4 26. Qg6+ Qf7 27. Qd3 gxf4
28. Qxa6 Qc4 29. Qa4 Qc7 30. Rde1 Nc4 31. Nf5 Na3+ 32. bxa3 Qxc2+ 33. Ka1 Qxf5
34. Qxb4 Qf6+ 35. Kb1 Kf8 36. Qb5 Bxa3 37. Re2 Rd8 38. Rd2 Kg8 39. Qa5 Be7 40.
Rdg2 Rh7 41. h5 Nc5 42. Nxc5 Qf5+ 43. Rc2 Rc8 44. Rd1 Rxc5 45. Rd8+ Bxd8 46.
Qxd8+ Kf7 {White resigns} 0-1  aics%

[Event "Team 45 45 League T30"]
[Site "Internet Chess Club"]
[Date "2006.04.10"]
[Round "3"]
[White "Allessia"]
[Black "jonesey"]
[Result "1-0"]
[WhiteElo "2123"]
[BlackElo "2006"]
[TimeControl "2700+45"]

1. e4 e5 2. Nf3 Nc6 3. Bc4 Bc5 4. d3 Nf6 5. Bg5 h6 6. Bh4 g5 7. Bg3 d6 8. c3 Bg4
9. h3 Bh5 10. Nbd2 a6 11. O-O g4 12. hxg4 Nxg4 13. Bd5 Rg8 14. Qb3 Na5 15. Qa4+
c6 16. b4 b5 17. Qxa5 Qxa5 18. Bxc6+ Ke7 19. bxa5 Ra7 20. a3 Nf6 21. d4 Rc7 22.
Bd5 exd4 23. cxd4 Nxd5 24. dxc5 Rxc5 25. exd5 Rxd5 26. Ne4 {Black resigns} 1-0 
aics%

[Event "Team 45 45 League T30"]
[Site "Internet Chess Club"]
[Date "2006.04.07"]
[Round "3"]
[White "Satan"]
[Black "izit"]
[Result "0-1"]
[WhiteElo "2156"]
[BlackElo "2143"]
[TimeControl "2700+45"]

1. e4 c5 2. Nf3 d6 3. d4 cxd4 4. Nxd4 Nf6 5. Nc3 a6 6. Bg5 e6 7. f4 Qc7 8. Qf3
Nbd7 9. O-O-O b5 10. Bd3 Bb7 11. Rhe1 O-O-O 12. Qg3 h6 13. Bh4 e5 14. Bxf6 Nxf6
15. Nb3 Kb8 16. fxe5 dxe5 17. Bxb5 Bb4 18. Bd3 Nh5 19. Qf3 Nf4 20. g3 Ne6 21.
Rf1 Bxc3 22. bxc3 f6 23. Qe2 a5 24. Bc4 Ng5 25. Bd5 a4 26. Bxb7 axb3 27. Bd5
bxa2 28. Kb2 Qb6+ 29. Kxa2 Rd7 30. Bb3 Rhd8 31. Rd5 Nxe4 32. Qxe4 Rxd5 33. Bxd5
Qa5+ 34. Kb2 Rxd5 35. c4 Qb4+ 36. Kc1 Qa3+ 37. Kb1 Ra5 {White resigns} 0-1 
aics%

[Event "Team 45 45 League T30"]
[Site "Internet Chess Club"]
[Date "2006.04.09"]
[Round "3"]
[White "Sir-Knightly"]
[Black "onslaught"]
[Result "1/2-1/2"]
[WhiteElo "2274"]
[BlackElo "2161"]
[TimeControl "2700+45"]

1. d4 d5 2. Nf3 Nf6 3. c4 c6 4. Nc3 dxc4 5. a4 Bf5 6. Ne5 Nbd7 7. Nxc4 Nb6 8.
Ne5 a5 9. g3 e6 10. Bg2 Bb4 11. O-O O-O 12. e3 h6 13. Qe2 Bh7 14. Rd1 Nfd7 15.
Nd3 Qe7 16. e4 e5 17. Be3 exd4 18. Bxd4 Nc5 19. f4 Nbd7 20. Nf2 Nb3 21. Bxg7
Kxg7 22. Qg4+ Kh8 23. Rxd7 Qe6 24. Qxe6 fxe6 25. Rad1 Nc5 26. R7d4 e5 27. fxe5
Nb3 28. R4d3 Bc5 29. Rf3 Rxf3 30. Bxf3 Rf8 31. Kg2 Nd4 32. Rd3 Nc2 33. Rd7 Ne1+
34. Kh3 Nxf3 35. Nd3 Bb4 36. Rxb7 Bxc3 37. bxc3 Bxe4 38. Nc5 Bd5 39. Nd3 Re8 40.
Ra7 Be4 41. Nc5 Ng5+ 42. Kg4 Rxe5 43. Nxe4 Nxe4 44. Kf4 Re8 45. Rxa5 Nxc3 46.
Rc5 Nd5+ 47. Kf3 Ne7 48. g4 Kg7 49. h4 Ng6 50. a5 Nxh4+ 51. Kg3 Ng6 52. Rxc6
Re3+ 53. Kf2 Ra3 54. Rc5 Kf6 55. Rf5+ Ke6 56. Rh5 Ra2+ 57. Ke3 Ne5 58. Rxh6+ Kd5
59. Rh5 Ra3+ 60. Kf4 Ra4+ 61. Kg5 Rxg4+ 62. Kf6 Rg6+ 63. Kf5 Rg1 64. Kf6 Rf1+
65. Rf5 Re1 66. a6 Kd6 67. a7 Nd7+ 68. Kg5 Ra1 69. Rf1 Rxa7 70. Kf5 Nb6 71. Rd1+
Nd5 72. Ke4 Ra4+ 73. Rd4 Ra5 74. Rd1 Ke6 75. Re1 Ra4+ 76. Kd3+ Kf5 77. Rh1 Nf4+
78. Kc3 Ke5 79. Rh8 Nd5+ 80. Kd3 Ra3+ 81. Kc4 Rc3+ 82. Kb5 Rb3+ 83. Kc4 Rb4+ 84.
Kc5 {Game drawn by mutual agreement} 1/2-1/2  aics%

[Event "Team 45 45 League T30"]
[Site "Internet Chess Club"]
[Date "2006.04.13"]
[Round "3"]
[White "fledermaus"]
[Black "forketta"]
[Result "0-1"]
[WhiteElo "2060"]
[BlackElo "1970"]
[TimeControl "2700+45"]

1. d4 d5 2. c4 c6 3. Nf3 Nf6 4. Nc3 dxc4 5. a4 Bf5 6. e3 e6 7. Bxc4 Bb4 8. O-O
O-O 9. Qe2 Nbd7 10. e4 Bg6 11. Bd3 Bh5 12. e5 Nd5 13. Ne4 Be7 14. Ng3 Bg6 15.
Bxg6 hxg6 16. Ne4 c5 17. Rd1 cxd4 18. Bg5 Bxg5 19. Nexg5 Qe7 20. Qe4 Rfe8 21.
Rxd4 a5 22. Qh4 Nf8 23. Qh3 f6 24. Ne4 g5 25. Rad1 Nf4 26. Qg4 Ne2+ 27. Kf1 Nxd4
28. Rxd4 f5 29. Qh5 fxe4 30. Nxg5 g6 31. Qg4 Red8 32. Rxe4 Rd5 33. f4 Rad8 34.
Re1 Rd4 35. Ne4 Kg7 36. h4 Qb4 37. Nf6 Rxf4+ {White resigns} 0-1  aics%

[Event "Team 45 45 League T30"]
[Site "Internet Chess Club"]
[Date "2006.04.07"]
[Round "3"]
[White "jazzyrick"]
[Black "StevieBlunder"]
[Result "0-1"]
[WhiteElo "1636"]
[BlackElo "1680"]
[TimeControl "2700+45"]

1. e4 d6 2. d4 Nf6 3. Nc3 g6 4. f4 Bg7 5. Bc4 Nxe4 6. Bxf7+ Kxf7 7. Nxe4 Rf8 8.
Nf3 Nd7 9. Nfg5+ Kg8 10. Ne6 Qe8 11. Nxc7 Qf7 12. Nxa8 Qd5 13. Qd3 Nf6 14. Nxf6+
Bxf6 15. O-O Bf5 16. Qb3 Bxd4+ 17. Kh1 Qxb3 18. axb3 Rxa8 19. c3 Bf6 20. Be3 a6
21. b4 Rc8 22. Rfd1 Rc4 23. Rac1 Re4 24. Re1 Rc4 25. Bd2 Kf7 26. b3 Rc8 27. Re3
d5 28. Re5 Bxe5 29. fxe5 b5 30. Be3 Be4 31. Kg1 Ke6 32. Kf2 Rf8+ 33. Kg3 Kxe5
34. Bd4+ Ke6 35. Bg7 Rc8 36. Kf2 Kd6 37. g3 e5 38. h4 Rc7 39. Bh8 Ke6 40. Ke3
Rf7 41. Rg1 Bc2 42. g4 Bxb3 43. g5 Rf4 44. Rh1 Kf5 45. Bf6 Re4+ 46. Kd2 d4 47.
cxd4 Rxd4+ 48. Kc3 Bd5 49. Rf1+ Rf4 50. Rd1 Rc4+ {White resigns} 0-1  aics%

[Event "Team 45 45 League T30"]
[Site "Internet Chess Club"]
[Date "2006.04.09"]
[Round "3"]
[White "rayngrant"]
[Black "az2112"]
[Result "0-1"]
[WhiteElo "1647"]
[BlackElo "1736"]
[TimeControl "2700+45"]

1. e4 c5 2. Nf3 d6 3. d4 cxd4 4. Nxd4 Nf6 5. Nc3 a6 6. Bg5 e5 7. Nf3 h6 8. Bh4
Be7 9. Bxf6 Bxf6 10. Nd5 O-O 11. Qd2 Be6 12. O-O-O Nd7 13. Bc4 Rc8 14. Bb3 Nc5
15. Nxf6+ Qxf6 16. Bxe6 Qxe6 17. Qxd6 Qxd6 18. Rxd6 Nxe4 19. Rb6 Nxf2 20. Rf1
Nd3+ 21. Kb1 e4 22. cxd3 exf3 23. Rxf3 Rc7 24. Rg3 Rfc8 25. b3 Kh7 26. d4 Rd8
27. Rd3 Rcd7 28. Rb4 b5 29. a4 Rd5 30. h3 Kg6 31. g4 Kg5 32. Kc2 Kf4 33. Kd2
R8d7 34. Ke2 Kg5 35. Kd2 Kf6 36. Rf3+ Ke6 37. Kd3 Kd6 38. axb5 axb5 39. Rf5 Rxf5
40. gxf5 Kc6 41. Ke4 Rd5 42. h4 g6 43. fxg6 fxg6 44. Kf4 g5+ 45. hxg5 hxg5+ 46.
Kg4 Kb6 47. Kf3 Ka5 48. Ke4 Kxb4 49. Kxd5 Kxb3 50. Ke4 Kc4 51. d5 Kc5 {White
resigns} 0-1  aics%

[Event "Team 45 45 League T30"]
[Site "Internet Chess Club"]
[Date "2006.04.09"]
[Round "3"]
[White "AVEMARIA"]
[Black "mfunk"]
[Result "1-0"]
[WhiteElo "1672"]
[BlackElo "1603"]
[TimeControl "2700+45"]

1. e4 c5 2. Nf3 d6 3. d4 cxd4 4. Nxd4 Nc6 5. Nc3 g6 6. Bc4 Nf6 7. Be3 Bg7 8. f3
Bd7 9. Qd2 O-O 10. O-O-O Re8 11. g4 Ne5 12. Be2 Bc6 13. h4 d5 14. Bf4 Nc4 15.
Bxc4 dxc4 16. Nxc6 bxc6 17. e5 Nd5 18. Nxd5 cxd5 19. Qxd5 Qc8 20. Qe4 Qa6 21.
Kb1 Rab8 22. h5 c3 23. b3 Qa3 24. Bc1 Qa5 25. hxg6 fxg6 26. Qd5+ Qxd5 27. Rxd5
Rb7 28. Rhd1 Kf7 29. f4 Rc7 30. R1d3 e6 31. Rd7+ Rxd7 32. Rxd7+ Re7 33. Rd3 Rc7
34. Be3 Bf8 35. Bd4 Bb4 36. a3 Bxa3 37. Bxc3 h5 38. gxh5 gxh5 39. b4 a5 40. bxa5
Rb7+ 41. Ka2 Bc1 42. a6 Ra7 43. Rd6 Bxf4 44. Bd4 Ra8 45. Rb6 h4 46. Rb7+ Ke8 47.
a7 {Black resigns} 1-0  aics%